 Seeded DCSS version 0.27-a0-1287-gca74d27db6 (webtiles) character file.

Game seed: 31141622101141340 (custom seed)

549 flotson the Skirmisher (level 7, -1/56 HPs)
             Began as a Demonspawn Fighter on June 14, 2021.
             Slain by an orc (3 damage)
             ... on level 4 of the Dungeon.
             The game lasted 00:08:10 (5087 turns).

flotson the Skirmisher (Demonspawn Fighter)         Turns: 5087, Time: 00:08:11

Health: -1/56      AC: 13    Str: 19    XL:     7   Next: 7%
Magic:  7/7        EV:  8    Int:  9    God:
Gold:   148        SH: 13    Dex: 12    Spells: 6/6 levels left

rFire    . . .     SeeInvis .   a - +0 war axe
rCold    . . .     Faith    .   c - +0 kite shield
rNeg     . . .     Spirit   .   e - +0 scale mail
rPois    .         Reflect  .   (helmet restricted)
rElec    .         Harm     .   (no cloak)
rCorr    .         Rampage  .   (no gloves)
Will     .....                  (no boots)
Stlth    ..........             (no amulet)
HPRegen  0.18/turn              s - +4 ring of protection
MPRegen  0.10/turn              (no ring)

@: mighty
A: antennae 1, rugged brown scales 2, condensation shield, demonic magic 1,
talons 1, high mp 1, MP-powered wands
a: no special abilities


You were on level 4 of the Dungeon.
You visited 1 branch of the dungeon, and saw 4 of its levels.

You collected 148 gold pieces.

Inventory:

Hand Weapons
 a - a +0 war axe (weapon)
 b - a +0 hunting sling
 v - a +0 morningstar
Missiles
 g - 5 poisoned darts (quivered)
 i - 10 boomerangs
 l - 45 sling bullets
Armour
 c - a +0 kite shield (worn)
 e - a +0 scale mail (worn)
Jewellery
 s - a +4 ring of protection (left hand)
Wands
 t - a wand of charming (13)
Scrolls
 h - a scroll of teleportation {unknown}
 j - 3 scrolls of identify {unknown}
 q - a scroll of magic mapping {unknown}
 r - a scroll of enchant armour {unknown}
 w - a scroll of noise {unknown}
Potions
 d - 2 potions of might
 k - a potion of haste {unknown}
 m - a potion of flight {unknown}
 n - a potion of ambrosia {unknown}
 o - a potion of invisibility {unknown}
 p - a potion of cancellation {unknown}
 x - a potion of magic


   Skills:
 + Level 4.2 Fighting
 + Level 3.2 Axes
 + Level 2.2 Throwing
 + Level 3.7 Armour
 + Level 2.4 Dodging
 + Level 3.7 Shields
 + Level 1.7 Evocations


You had 6 spell levels left.
You didn't know any spells.
Your spell library contained the following spells:

 Spells                   Type           Power      Damage    Failure   Level
 Confusing Touch          Hex            0%         N/A       100%        3
 Gell's Gravitas          Tloc           0%         N/A       100%        3
 Petrify                  Tmut/Erth      0%         N/A       100%        4
 Metabolic Englaciation   Hex/Ice        0%         N/A       100%        5
 Yara's Violent Unravell  Hex/Tmut       0%         3d3       100%        5


Dungeon Overview and Level Annotations

Branches:
Dungeon (4/15)
 Temple: D:4-7

Altars:
Hepliaklqana
Xom


Innate Abilities, Weirdness & Mutations

You have a pair of small antennae on your head.
You are mostly covered in rugged brown scales. (AC +2, +5% HP)
A meltable shield of frost defends you. (SH +4)
Spells you cast may paralyse adjacent enemies.
You have sharp toenails.
You have an increased reservoir of magic. (+10% MP)
You expend magic power (3 MP) to strengthen your wands.


Message History

You closely miss the orc. You slash the orc!
You kill the orc!
You miss something. You hit something.
You hear some strange, mumbled words.
You are confused.
Something hits you but does no damage. The orc hits you with a +0 whip.
* * * LOW HITPOINT WARNING * * *
Something hits you but does no damage. x3
The endoplasm freezes you.
You are frozen.
* * * LOW HITPOINT WARNING * * *
The orc hits you with a +0 whip.
* * * LOW HITPOINT WARNING * * *
You feel better.
Something hits you but does no damage. x2
The endoplasm hits you.
* * * LOW HITPOINT WARNING * * *
You slash the endoplasm!
You kill the endoplasm!
You closely miss the orc. You miss something. You completely miss something.
You slash something!
Something hits you but does no damage. x2
You closely miss the orc. You closely miss something. You barely miss the orc.
You completely miss something. You closely miss something. Something hits you.
* * * LOW HITPOINT WARNING * * *
The orc hits you with a +0 whip.
* * * LOW HITPOINT WARNING * * *
The orc hits you but does no damage. Something hits you.
* * * LOW HITPOINT WARNING * * *
Something hits you but does no damage. x2; The orc hits you but does no damage.
It was a potion of magic.
Magic courses through your body. You block the orc's attack.
Something hits you but does no damage.
You hear some strange, mumbled words.
A magic dart appears from out of thin air!
The magic dart hits you but does no damage.
You block something's attack. You block the orc's attack.
It was a potion of mutation.
You feel extremely strange.
Your toenails lengthen and sharpen.
You feel your magical essence link to the dungeon's wands.
You feel more energetic. The orc hits you with a +0 falchion.
You die...

#.# #.# ##.#
#..# #..##
##..## .
#...#### ...
#......####.....
##.....{@{o.....
#......o{o...>..
#...).)....####.
#..###....###
#..# ##..## #.#
#..# ## ##..
#..#


You could see 3 orcs.

Vanquished Creatures
  Sigmund (D:2)
  A jelly (D:4)
  An orc priest (D:4)
  A centaur skeleton (D:4)
  Natasha (thrice) (D:2)
  A hound skeleton (D:4)
  13 adders
  2 worms
  A dart slug (D:3)
  7 orcs
  7 endoplasms
  4 giant cockroaches
  5 goblins
  10 hobgoblins
  6 jackals (D:2)
  A kobold (D:3)
  9 ball pythons
  6 bats
  3 frilled lizards
  4 rats
86 creatures vanquished.

Vanquished Creatures (others)
  4 toadstools (D:1)
4 creatures vanquished.

Grand Total: 90 creatures vanquished

Notes
Turn   | Place    | Note
-------+----------+-------------------------------------------
     0 | D:1      | flotson the Demonspawn Fighter began the quest for the Orb.
     0 | D:1      | Reached XP level 1. HP: 18/18 MP: 1/1
   244 | D:1      | Gained mutation: You are partially covered in rugged brown
                  | scales. (AC +1, +3% HP) [demonic ancestry]
   244 | D:1      | Reached XP level 2. HP: 17/24 MP: 2/2
   940 | D:2      | Noticed Natasha
   948 | D:2      | Noticed a crimson imp
   951 | D:2      | Killed Natasha
   952 | D:2      | Reached skill level 1 in Dodging
   952 | D:2      | Gained mutation: A meltable shield of frost defends you.
                  | (SH +4) [demonic ancestry]
   952 | D:2      | Reached XP level 3. HP: 22/29 MP: 3/3
  1020 | D:2      | Noticed Natasha
  1041 | D:2      | Killed Natasha
  1042 | D:2      | Reached skill level 1 in Throwing
  1042 | D:2      | Gained mutation: You have a pair of small antennae on your
                  | head. [demonic ancestry]
  1042 | D:2      | Reached XP level 4. HP: 22/36 MP: 4/4
  1425 | D:2      | Noticed Sigmund
  2472 | D:2      | Noticed Natasha
  2485 | D:2      | Killed Natasha
  2759 | D:3      | Found a shimmering altar of Xom.
  2760 | D:3      | Found a hazy altar of Hepliaklqana.
  2761 | D:3      | Noticed a spectral ugly thing
  2973 | D:3      | Gained mutation: Spells you cast may paralyse adjacent
                  | enemies. [demonic ancestry]
  2973 | D:3      | Reached XP level 5. HP: 42/42 MP: 5/5
  3684 | D:2      | Killed Sigmund
  3685 | D:2      | Reached skill level 1 in Evocations
  3685 | D:2      | Gained mutation: You are mostly covered in rugged brown
                  | scales. (AC +2, +5% HP) [demonic ancestry]
  3685 | D:2      | Reached XP level 6. HP: 43/50 MP: 6/6
  3908 | D:4      | Reached skill level 4 in Fighting
  4852 | D:4      | Reached XP level 7. HP: 47/56 MP: 7/7
  5071 | D:4      | Identified the +4 dagger of Pogi {distort, rElec rPois rF+}
  5085 | D:4      | HP: 2/56 [something (4)]
  5087 | D:4      | Gained mutation: You have sharp toenails. [potion of
                  | mutation]
  5087 | D:4      | Gained mutation: You expend magic power (3 MP) to
                  | strengthen your wands. [potion of mutation]
  5087 | D:4      | Gained mutation: You have an increased reservoir of magic.
                  | (+10% MP) [potion of mutation]
  5087 | D:4      | Slain by an orc

Illustrated notes

Levels and vault maps discovered:
D:1:      ldierk_walled_garden_2, layout_loops_ring
D:2:      layout_basic, serial_aquarium, aquarium_bridge_square
          [aquarium_subvault_bridge, aquarium_subvault_window,
          aquarium_subvault_bridge, aquarium_subvault_bridge],
          aquarium_bridge_straight [aquarium_subvault_bridge,
          aquarium_subvault_wall, aquarium_subvault_bridge,
          aquarium_subvault_balcony], aquarium_window_fake, aquarium_window_2,
          aquarium_view_2e, uniq_natasha, uniq_sigmund
D:3:      layout_basic, regret_index_temple_of_mockery, serial_curves,
          eino_curves_02, eino_curves_04, eino_curves_01
D:4:      layout_layer_cave, minmay_snake_closets

Skill      XL: |  1  2  3  4  5  6 |
---------------+-------------------+-----
Axes           | 2 3 |  3.2
Armour         | 3 |  3.7
Dodging        | 1 2 |  2.4
Throwing       | 1 2 |  2.2
Shields        | 3 |  3.7
Evocations     | 1 |  1.7
Fighting       | 4 |  4.2

Action                   |  1- 3 |  4- 6 |  7- 9 || total
-------------------------+-------+-------+-------++-------
Melee: War axe           |    87 |   158 |    11 ||   256
 Fire: Hunting sling     |    11 |    60 |       ||    71
Throw: Dart              |     3 |    11 |       ||    14
  Use: Potion            |       |       |     5 ||     5
Armor: Scale mail        |    53 |    90 |    29 ||   172
Dodge: Dodged            |    33 |    65 |    10 ||   108
Block: Kite shield       |    68 |   157 |    12 ||   237

Table legend: (Time is in decaauts)
 A = Elapsed time spent in this place.
 B = Non-inter-level travel time spent in this place.
 C = Inter-level travel time spent in this place.
 D = Time resting spent in this place.
 E = Time spent auto-exploring this place.
 F = Levels seen in this place.
 G = Mean time per level.
                   A        B        C        D        E       F      G
               +--------+--------+--------+--------+--------+-----+--------+
         Total |   5267 |   5123 |    144 |    337 |   3792 |   4 | 1316.8 |
       Dungeon |   5267 |   5123 |    144 |    337 |   3792 |   4 | 1316.8 |
               +--------+--------+--------+--------+--------+-----+--------+

Top non-repeatable levels by time:
     D:2: 2058 daAuts
     D:4: 1382 daAuts
     D:1: 1219 daAuts
     D:3: 607 daAuts
